 Dungeon Crawl Stone Soup version 0.28.0-53-g5a82cb258f (webtiles) character file.

Game seed: 5618614097459328242

108 Tirrikindir the Skirmisher (level 4, 0/45 HPs)
             Began as a Troll Fighter on Aug 5, 2022.
             Slain by a gnoll
             ... wielding a +0 spear
              (7 damage)
             ... on level 3 of the Dungeon.
             The game lasted 00:03:49 (1237 turns).

Tirrikindir the Skirmisher (Troll Fighter)          Turns: 1237, Time: 00:03:49

Health: 0/45       AC:  4    Str: 24    XL:     4   Next: 58%
Magic:  3/3        EV: 13    Int:  4    God:
Gold:   113        SH:  8    Dex: 11    Spells: 3/3 levels left

rFire   . . .      SeeInvis .     - Unarmed
rCold   . . .      Faith    .   b - +1 kite shield
rNeg    . . .      Spirit   .   a - +0 robe
rPois   .          Reflect  .   (helmet restricted)
rElec   .          Harm     .   (no cloak)
rCorr   .          Rampage  .   (gloves unavailable)
Will    .....                   (boots unavailable)
Stlth   +.........              (no amulet)
HPRegen 0.95/turn               h - +4 ring of evasion
MPRegen 0.08/turn               (no ring)

@: no status effects
A: large, unfitting armour, claws 3, regeneration 1, shaggy fur 1, tough skin 1
a: no special abilities


You were on level 3 of the Dungeon.
You visited 1 branch of the dungeon, and saw 3 of its levels.

You collected 113 gold pieces.

Inventory:

Armour
 a - a +0 robe (worn)
 b - a +1 kite shield (worn)
Jewellery
 h - a +4 ring of evasion (left claw)
Scrolls
 e - a scroll of blinking {unknown}
Potions
 c - a potion of might
 d - a potion of brilliance
 g - a potion of haste {unknown}


   Skills:
 * Level 3.1 Fighting
 + Level 2.9 Dodging
 + Level 0.6 Stealth
 + Level 2.7 Shields
 * Level 3.0 Unarmed Combat


You had 3 spell levels left.
You didn't know any spells.
Your spell library was empty.

Dungeon Overview and Level Annotations

Branches:
Dungeon (3/15)

Altars:


Innate Abilities, Weirdness & Mutations

You are too large for most types of armour.
You have claws for hands.
Your natural rate of healing is unusually fast.
You are covered in fur. (AC +1)
You have tough skin. (AC +1)


Message History

The gnoll hits you from afar with a +0 spear.
You claw the gnoll!
The gnoll is severely wounded.
The gnoll hits you with a +0 club.
The gnoll hits you from afar with a +0 spear!
You completely miss the gnoll.
The gnoll is severely wounded.
The gnoll misses you.
The gnoll hits you from afar with a +0 spear.
* * * LOW HITPOINT WARNING * * *
You scratch the gnoll but do no damage.
The gnoll is severely wounded.
You block the gnoll's attack. The gnoll misses you.
You claw the gnoll!
You kill the gnoll!
The gnoll hits you from afar with a +0 spear.
* * * LOW HITPOINT WARNING * * *
Your Unarmed Combat skill increases to level 3!
You scratch the gnoll.
The gnoll is heavily wounded.
The gnoll hits you with a +0 whip.
* * * LOW HITPOINT WARNING * * *
You claw the gnoll!
You kill the gnoll!
The gnoll hits you from afar with a +0 spear!
* * * LOW HITPOINT WARNING * * *
The gnoll hits you with a +0 spear.
* * * LOW HITPOINT WARNING * * *
Things that are here:
a +0 whip; a gnoll corpse You scratch the gnoll but do no damage.
The gnoll is almost dead.
The gnoll barely misses you.
You scratch the gnoll but do no damage.
The gnoll is almost dead.
The gnoll barely misses you.
You closely miss the gnoll.
The gnoll is almost dead.
The gnoll hits you with a +0 spear!
You die...

#.#.##.#####
#.#.##.#
##....#<#
.....#.#
#....#.#
#g#.##.####
#.#.##.....
#####.#.)....
#.@g.........
#.####...####
#.###..[..##
#.##^.....^##
#.#.^...>.^.##
#.......^^...#
#............#
#.#...^.^....#
###
#.#.......^.##
##..


You could see a gnoll.

Vanquished Creatures
  3 gnolls (D:3)
  An adder (D:2)
  6 worms
  4 dart slugs (D:1)
  6 ball pythons
  2 endoplasms
  A giant cockroach (D:2)
  2 hobgoblins
  2 quokkas
  4 bats
  5 frilled lizards
  5 goblins
  3 kobolds (D:1)
  6 rats
50 creatures vanquished.

Notes
Turn   | Place    | Note
-------+----------+-------------------------------------------
     0 | D:1      | Tirrikindir the Troll Fighter began the quest for the Orb.
     0 | D:1      | Reached XP level 1. HP: 22/22 MP: 0/0
   110 | D:1      | Reached XP level 2. HP: 29/29 MP: 1/1
   496 | D:2      | Reached XP level 3. HP: 36/36 MP: 2/2
  1171 | D:3      | Reached XP level 4. HP: 45/45 MP: 3/3
  1237 | D:3      | Slain by a gnoll

Illustrated notes

Levels and vault maps discovered:
D:1:      dpeg_arrival_short_road, layout_rooms, hangedman_decor_push
D:2:      layout_basic
D:3:      layout_loops_ring, nicolae_wormholes

Skill      XL: |  1  2  3  4 |
---------------+-------------+-----
Fighting       | 3 |  3.1
Unarmed Combat | 3 |  3.0
Dodging        | |  2.9
Stealth        | |  0.6
Shields        | |  2.7

Action                   |  1- 3 |  4- 6 || total
-------------------------+-------+-------++-------
Melee: Unarmed           |   109 |    26 ||   135
  Use: Scroll            |     4 |       ||     4
 Stab: Sleeping          |     1 |       ||     1
Armor: Robe              |    23 |     1 ||    24
Dodge: Dodged            |    31 |     8 ||    39
Block: Kite shield       |    43 |    15 ||    58
